 Dungeon Crawl Stone Soup version 0.31-a0-614-gc85dc1c48c (webtiles) character file.

Game seed: 11298550155968412184

10 BritishOli the Trooper (level 2, 24/24 HPs)
             Began as a Demonspawn Fighter on Aug 22, 2023.
             Got out of the dungeon alive.
             The game lasted 00:00:16 (294 turns).

BritishOli the Trooper (Demonspawn Fighter)          Turns: 294, Time: 00:00:17

Health: 24/24      AC:  6    Str: 16    XL:     2   Next: 10%
Magic:  2/2        EV:  8    Int:  9    God:
Gold:   66         SH:  4    Dex: 12    Spells: 1/1 levels left

rFire   . . .        a - +0 war axe
rCold   . . .        c - +0 buckler
rNeg    . . .        b - +0 scale mail
rPois   .            (no helmet)
rElec   .            (no cloak)
rCorr   .            (no gloves)
SInv    .            (no boots)
Will    .....        (no amulet) Stlth
                     (no ring)
HPRegen 0.24/turn    (no ring)
MPRegen 0.08/turn

%: no passive effects
@: no status effects
A: demonic magic 1
a: no special abilities


You escaped.
You visited 1 branch of the dungeon, and saw 1 of its levels.

You collected 66 gold pieces.

Inventory:

Hand Weapons
 a - a +0 war axe (weapon)
Armour
 b - a +0 scale mail (worn)
 c - a +0 buckler (worn)
Scrolls
 e - a scroll of teleportation {unknown}
 f - a scroll of vulnerability {unknown}
 h - 2 scrolls of fear {unknown}
 i - 2 scrolls of enchant weapon {unknown}
 j - a scroll of fog {unknown}
Potions
 d - a potion of might
 g - a potion of curing {unknown}


   Skills:
 + Level 3.1 Fighting
 + Level 2.0 Axes
 + Level 2.8 Armour
 + Level 2.8 Shields


You had one spell level left.
You didn't know any spells.
Your spell library was empty.

Dungeon Overview and Level Annotations

Branches:
Dungeon (1/15)

Altars:


Innate Abilities, Weirdness & Mutations

Spells you cast may paralyse adjacent enemies.


Message History

You hit the bat.
The bat is severely wounded.
The bat closely misses you.
You slash the bat!
You kill the bat!
Your Axes skill increases to level 2!
You now have 66 gold pieces (gained 12).
Found a stone staircase leading down.
j - a scroll labelled VUSYNE QEIPRUS No target in view!
A dart slug comes into view.
The dart slug launches a dart at you. The slug dart misses you.
A dart slug is nearby!
A dart slug is nearby!
A dart slug is nearby!
A dart slug is nearby!
You hit the dart slug but do no damage.
The dart slug bites you but does no damage.
A dart slug is nearby!
You hit the dart slug.
The dart slug is lightly wounded.
The dart slug launches a dart at you. The slug dart misses you.
A dart slug is nearby!
A dart slug is nearby!
You completely miss the dart slug.
The dart slug is lightly wounded.
The dart slug bites you but does no damage.
A dart slug is nearby!
You slash the dart slug!
You kill the dart slug!
You have reached level 2!
Your demonic ancestry asserts itself...
A menacing aura infuses your magic.
Found a scroll labelled YPITRU KESHY.
There is an empty arch of ancient stone here.
There is a staircase leading out of the dungeon here.
There is a staircase leading out of the dungeon here.
You have escaped!

##.#...#.....#♣......8.......#
##.#.#.##....#..♣...........##
##.###.##....#............###
##.....##....#............∩.#
##....###....#............###
##....# #....#♣............#
##....###.####.......♣.....#
.......##.# #.............#
##.?...##.# ##.@..[......##
#####.##.# ##......#∩### ###
#.##.# ##.....∩.# ..####.##.#
#~....###
.....#.##.#########♣♣##
.......##.#......#
.................#
.......#.........#
........###..#+#####


There were no monsters in sight!

Vanquished Creatures
  A dart slug (D:1)
  A giant cockroach (D:1)
  A hobgoblin (D:1)
  A quokka (D:1)
  A bat (D:1)
  2 frilled lizards (D:1)
  A kobold (D:1)
  A rat (D:1)
9 creatures vanquished.

Notes
Turn   | Place    | Note
-------+----------+-------------------------------------------
     0 | D:1      | BritishOli the Demonspawn Fighter began the quest for the
                  | Orb.
     0 | D:1      | Reached XP level 1. HP: 18/18 MP: 1/1
   252 | D:1      | Gained mutation: Spells you cast may paralyse adjacent
                  | enemies. [demonic ancestry]
   252 | D:1      | Reached XP level 2. HP: 24/24 MP: 2/2
   294 | D:$      | Got out of the dungeon alive.

Illustrated notes

Levels and vault maps discovered:
D:1:      nzn_arrival_settlement, layout_basic

Skill      XL: |  1 |
---------------+----+-----
Axes           | 2 |  2.0
Fighting       | |  3.1
Armour         | |  2.8
Shields        | |  2.8

Action                     || total
---------------------------++-------
  Melee: War axe           ||    28
 Armour: Scale mail        ||    14
  Dodge: Dodged            ||    10
  Block: Buckler           ||     6

Table legend: (Time is in decaauts)
 A = Elapsed time spent in this place.
 B = Non-inter-level travel time spent in this place.
 C = Inter-level travel time spent in this place.
 D = Time resting spent in this place.
 E = Time spent auto-exploring this place.
 F = Levels seen in this place.
 G = Mean time per level.
                   A        B        C        D        E       F      G
               +--------+--------+--------+--------+--------+-----+--------+
         Total |    307 |    267 |     40 |      0 |    193 |   1 |  307.0 |
       Dungeon |    307 |    267 |     40 |      0 |    193 |   1 |  307.0 |
               +--------+--------+--------+--------+--------+-----+--------+

Top non-repeatable levels by time:
     D:1: 307 daAuts
